 Dungeon Crawl Stone Soup version 0.18-a0-1116-g1750dec (webtiles) character file.

430 Reinor the Insei (level 6, 0/46 HPs)
             Began as a Demigod Transmuter on Jan 17, 2016.
             Slain by an adder (2 damage)
             ... on level 3 of the Dungeon.
             The game lasted 00:16:15 (4923 turns).

Reinor the Insei (Demigod Transmuter)               Turns: 4923, Time: 00:16:15

Health: 0/46       AC:  4    Str: 15    XL:     6   Next: 38%
Magic:  11/11      EV: 12    Int: 21    God:
Gold:   181        SH:  0    Dex: 16    Spells: 3 memorised, 2 levels left

rFire  . . .     SeeInvis .       - Unarmed
rCold  . . .     Gourm    .     b - +0 robe
rNeg   . . .     Faith    .     (no shield)
rPois  .         Spirit   .     (no helmet)
rElec  .         Dismiss  .     (no cloak)
rCorr  .         Reflect  .     i - +1 pair of gloves
SustAt +         Harm     .     (no boots)
MR     .....                    (no amulet)
Stlth  +.........               (no ring)
                                g - +2 ring of strength

@: lethally poisoned (0 -> -12), not resistant to hostile enchantments, very
unstealthy
A: high mp 1, sustain attributes
a: no special abilities


You were on level 3 of the Dungeon.
You were not hungry.

You visited 1 branch of the dungeon, and saw 3 of its levels.

You collected 181 gold pieces.

Inventory:

Missiles
 a - 44 arrows (quivered)
 u - 7 javelins {!D}
Armour
 b - a +0 robe (worn)
 i - a +1 pair of gloves (worn)
 r - a +0 shield
Jewellery
 g - a +2 ring of strength (left hand)
 o - an uncursed ring of protection from cold {unknown}
Wands
 e - a wand of polymorph (24/24)
 j - a wand of digging (0/24)
Scrolls
 m - a scroll of enchant armour
 n - a scroll of magic mapping {unknown}
 q - 2 scrolls of recharging
Potions
 s - a potion of magic
 v - a potion of flight
Books
 c - a book of Changes

   Spells                             Type                      Level
   a - Beastly Appendage              Transmutation                1
   b - Sticks to Snakes               Transmutation                2
   c - Spider Form                    Transmutation/Poison         3
   d - Ice Form                       Ice/Transmutation            4
   e - Blade Hands                    Transmutation                5
Comestibles
 d - 3 bread rations
 f - a meat ration
 k - a royal jelly
 p - a slice of pizza


   Skills:
 - Level 0.8 Fighting
 - Level 1.7 Dodging
 - Level 5.5 Unarmed Combat
 - Level 1.7 Spellcasting
 + Level 4.3 Transmutations


You had 2 spell levels left.
You knew the following spells:

 Your Spells              Type           Power        Failure   Level  Hunger
a - Beastly Appendage     Trmt           ###...       2%          1    #......
b - Spider Form           Trmt/Pois      ##........   21%         3    ###....
c - Sticks to Snakes      Trmt           ###.....     4%          2    ###....


Dungeon Overview and Level Annotations

Branches:
Dungeon (3/15)


Innate Abilities, Weirdness & Mutations

You have an increased reservoir of magic (+10% MP).
Your attributes are resistant to harm.


Message History

You feel sick. The adder barely misses you. x2
You miss the adder.
The adder is heavily wounded.
* * * LOW HITPOINT WARNING * * *
You feel sick. The adder closely misses you.
You closely miss the adder.
The adder is heavily wounded.
* * * LOW HITPOINT WARNING * * *
You feel sick. The adder bites you.
* * * LOW HITPOINT WARNING * * *
You hit the adder but do no damage.
The adder is heavily wounded.
* * * LOW HITPOINT WARNING * * *
You feel sick. The adder bites you.
* * * LOW HITPOINT WARNING * * *
You hit the adder but do no damage.
The adder is heavily wounded.
* * * LOW HITPOINT WARNING * * *
You feel sick. The adder bites you.
You die...

### ### #.# ##.## #.. . ..
#.##########.# #.# #.
#.##...........)### #### #.#
#..##.##..#########.).. ...# #.#
#..#.<.#..# ####. ##.# #.#
#.........## #. #.# #.#
##.##...#.#.## ###. ##.###.# ..
##.#.###.## #... .......# .#
#.@## ##.#######.#.
#####..##.#####S## ##........#. #
#............## ##S######.... #
#....#.....##.###.## #.... #
#.##........#..#.## #....
#####.#...........#.##########...
<.....#.###..........>..........<
##.####.# ##.....#...............
#.####.#####.##...###########.##


You could see an adder.

Vanquished Creatures
  An orc priest (D:3)
  Jessica (D:3)
  An orc wizard (D:3)
  Natasha (thrice) (D:2)
  9 adders
  4 worms
  2 giant geckos
  7 orcs (D:3)
  A ball python (D:1)
  2 giant cockroaches
  10 goblins
  7 hobgoblins
  6 jackals (D:2)
  8 kobolds
  3 quokkas (D:2)
  13 bats
  5 giant newts
  8 rats
91 creatures vanquished.

Vanquished Creatures (collateral kills)
  The ghost of Duffy the Conjurer, an amateur DEWz (D:3)
  An orc (D:3)
2 creatures vanquished.

Vanquished Creatures (others)
  A bat (D:2)
  A giant cockroach (D:2)
  A giant newt (D:2)
3 creatures vanquished.

Grand Total: 96 creatures vanquished

Notes
Turn   | Place    | Note
--------------------------------------------------------------
     0 | D:1      | Reinor the Demigod Transmuter began the quest for the Orb.
     0 | D:1      | Reached XP level 1. HP: 15/15 MP: 5/5
    50 | D:1      | Reached skill level 3 in Unarmed Combat
   344 | D:1      | Reached XP level 2. HP: 19/22 MP: 7/7
  1133 | D:1      | Reached XP level 3. HP: 27/27 MP: 8/8
  1141 | D:1      | Learned a level 3 spell: Spider Form
  1201 | D:2      | Found an iron altar of Okawaru.
  1255 | D:2      | Reached skill level 4 in Unarmed Combat
  2047 | D:2      | Found a shattered altar of Ashenzari.
  2132 | D:2      | Noticed Natasha
  2149 | D:2      | Killed Natasha
  2149 | D:2      | Reached XP level 4. HP: 5/34 MP: 9/9
  2168 | D:2      | Found a white marble altar of Elyvilon.
  2487 | D:2      | Reached skill level 5 in Unarmed Combat
  2673 | D:2      | Noticed Natasha
  2684 | D:2      | Killed Natasha
  2690 | D:2      | HP: 1/34 [kobold/dagger (2)]
  3065 | D:2      | Noticed Natasha
  3076 | D:2      | Killed Natasha
  3076 | D:2      | Reached XP level 5. HP: 28/39 MP: 8/10
  3549 | D:3      | Learned a level 2 spell: Sticks to Snakes
  3558 | D:3      | Noticed Duffy's ghost (amateur DEWz)
  3645 | D:3      | Found a deep blue altar of Sif Muna.
  3645 | D:3      | Found an oddly glowing altar of Pakellas.
  4315 | D:3      | Noticed Jessica
  4329 | D:3      | Killed Jessica
  4495 | D:3      | Reached XP level 6. HP: 9/46 MP: 11/11
  4868 | D:3      | Killed Duffy's ghost
  4923 | D:3      | HP: 2/46 [poison (a potion of poison)]
  4923 | D:3      | Slain by an adder

Vault maps used:
D:1:      dpeg_arrival_rhombus, hangedman_decor_peaks_small
D:2:      evilmike_ruin_ashenzari, lemuel_doored_altar, elyvilon_altar_4,
          minivault_14, uniq_natasha
D:3:      gammafunk_temple_overflow_elements, uniq_jessica

Action                   |  1- 3 |  4- 6 || total
-------------------------+-------+-------++-------
Melee: Unarmed           |   197 |   212 ||   409
 Cast: Beastly Appendage |       |     3 ||     3
       Sticks to Snakes  |       |    10 ||    10
  Use: Potion            |     2 |     2 ||     4
       Scroll            |       |     8 ||     8
 Stab: Sleeping          |     2 |     6 ||     8
  Eat: Chunk             |     4 |    10 ||    14
